 Dungeon Crawl Stone Soup version 0.30-a0-928-g7f6bbad527 (webtiles) character file.

Game seed: 7199485675238480081

29 Morbidden the Sneak (level 3, 27/27 HPs)
             Began as a Demonspawn Brigand on Mar 23, 2023.
             Quit the game on level 1 of the Dungeon.
             The game lasted 00:01:23 (639 turns).

Morbidden the Sneak (Demonspawn Brigand)             Turns: 639, Time: 00:01:24

Health: 27/27      AC:  5    Str: 11    XL:     3   Next: 1%
Magic:  3/3        EV: 12    Int: 14    God:
Gold:   60         SH:  0    Dex: 14    Spells: 2/2 levels left

rFire   . . .      SeeInvis .    b - +1 short sword (venom)
rCold   . . .      Faith    .    (no shield)
rNeg    + . .      Spirit   .    k - +0 robe
rPois   .          Reflect  .    (no helmet)
rElec   .          Rampage  .    c - +0 cloak
rCorr   .                        (no gloves)
Will    .....                    (no boots)
Stlth   +++                      (no amulet)
HPRegen 0.24/turn                l - ring of positive energy
MPRegen 0.08/turn                n - ring of flight

@: flying
A: slimy green scales 1, foul stench 1
a: no special abilities


You were on level 1 of the Dungeon.
You visited 1 branch of the dungeon, and saw 1 of its levels.

You collected 60 gold pieces.

Inventory:

Hand Weapons
 a - a +1 dagger of venom
 b - a +1 short sword of venom (weapon)
Missiles
 d - 8 poisoned darts (quivered)
 e - a curare-tipped dart
Armour
 c - a +0 cloak (worn)
 k - a +0 robe (worn)
Jewellery
 l - a ring of positive energy (left hand)
 n - a ring of flight (right hand)
Scrolls
 f - a scroll of identify {unknown}
 g - a scroll of fear {unknown}
 h - a scroll of vulnerability {unknown}
 i - a scroll of teleportation {unknown}
Potions
 j - a potion of might {unknown}
 m - a potion of lignification {unknown}


   Skills:
 * Level 2.0 Fighting
 * Level 2.0(2.1) Short Blades
 * Level 0.5(1.4) Long Blades
 + Level 1.8 Throwing
 * Level 0.4 Armour
 * Level 1.1 Dodging
 + Level 4.0 Stealth
 * Level 0.3 Spellcasting


You had 2 spell levels left.
You didn't know any spells.
Your spell library was empty.

Dungeon Overview and Level Annotations

Branches:
Dungeon (1/15)

Altars:


Innate Abilities, Weirdness & Mutations

You are partially covered in slimy green scales. (AC +2)
You may rarely emit foul miasma when damaged in melee.


Message History

The rat bites you but does no damage. The quokka closely misses you.
The jackal barely misses you.
You completely miss the quokka.
The quokka is lightly wounded.
The quokka bites you but does no damage.
The jackal completely misses you. The rat closely misses you.
You hit the quokka.
The quokka is poisoned.
The quokka is severely wounded.
The jackal closely misses you. The quokka closely misses you.
The rat closely misses you. The jackal closely misses you.
The quokka bites you.
You closely miss the quokka.
The quokka is severely wounded.
You kill the quokka!
The rat bites you but does no damage. The jackal completely misses you.
You hit the jackal.
The jackal is poisoned.
The jackal is severely wounded.
You kill the jackal!
The rat barely misses you.
You have reached level 3!
Your experience leads to an increase in your attributes!
Increase (S)trength, (I)ntelligence, or (D)exterity?
You feel clever. x2; Your demonic ancestry asserts itself...
You begin to emit a foul stench of rot and decay.
You hit the rat.
You kill the rat!
No target in view!
No target in view!
No target in view!
No target in view!
No target in view!
No target in view!
No target in view!
No target in view!
No target in view!
No target in view!
You see here a jackal corpse.
You see here a rat corpse.
Found an escape hatch in the floor.
Are you sure you want to abandon this character and quit the game? (Confirm with "yes".)

..........# #..
####.###### #..
# #.# #.. # #.#
#.. # #.#
####### ##
######.. # #.#
#.....# ..
........ # #.#
#.....##.###.
######## ####.#
#........>...
.....# #....@#
###..# #..††.#
###..# ###†###
##...#########.#
...........>...#
######+######
##..######.#####
#...........#
...............#
#...........#
##..#####..###.#
#...........#
#..# #.## #.#
#...........#


There were no monsters in sight!

Vanquished Creatures
  2 ball pythons (D:1)
  2 endoplasms (D:1)
  A giant cockroach (D:1)
  A goblin (D:1)
  A hobgoblin (D:1)
  2 jackals (D:1)
  A quokka (D:1)
  5 bats (D:1)
  7 kobolds (D:1)
  6 rats (D:1)
28 creatures vanquished.

Notes
Turn   | Place    | Note
-------+----------+-------------------------------------------
     0 | D:1      | Morbidden the Demonspawn Brigand began the quest for the
                  | Orb.
     0 | D:1      | Reached XP level 1. HP: 16/16 MP: 1/1
    40 | D:1      | Reached skill level 1 in Dodging
   194 | D:1      | Gained mutation: You are partially covered in slimy green
                  | scales. (AC +2) [demonic ancestry]
   194 | D:1      | Reached XP level 2. HP: 22/22 MP: 2/2
   407 | D:1      | Reached skill level 4 in Stealth
   620 | D:1      | Gained mutation: You may rarely emit foul miasma when
                  | damaged in melee. [demonic ancestry]
   620 | D:1      | Reached XP level 3. HP: 23/27 MP: 3/3
   639 | D:1      | Quit the game

Illustrated notes

Levels and vault maps discovered:
D:1:      psy_arrival_statuary, layout_loops_ring

Skill      XL: |  1  2 |
---------------+-------+-----
Dodging        | 1 |  1.1
Stealth        | 4 |  4.0
Short Blades   | 2 |  2.0
Fighting       | |  2.0
Long Blades    | |  0.5
Throwing       | |  1.8
Armour         | |  0.4
Spellcasting   | |  0.3

Action                     || total
---------------------------++-------
  Melee: Dagger            ||    22
         Short sword       ||    54
         Punch             ||     2
  Throw: Dart              ||    11
    Use: Potion            ||     1
   Stab: Sleeping          ||     3
 Armour: Robe              ||    32
  Dodge: Dodged            ||    60

Table legend: (Time is in decaauts)
 A = Elapsed time spent in this place.
 B = Non-inter-level travel time spent in this place.
 C = Inter-level travel time spent in this place.
 D = Time resting spent in this place.
 E = Time spent auto-exploring this place.
 F = Levels seen in this place.
 G = Mean time per level.
                   A        B        C        D        E       F      G
               +--------+--------+--------+--------+--------+-----+--------+
         Total |    626 |    626 |      0 |     82 |    364 |   1 |  626.0 |
       Dungeon |    626 |    626 |      0 |     82 |    364 |   1 |  626.0 |
               +--------+--------+--------+--------+--------+-----+--------+

Top non-repeatable levels by time:
     D:1: 626 daAuts
